 Dungeon Crawl Stone Soup version 0.28-a0-863-g8cecda6153 (webtiles) character file.

Game seed: 17854925975948785346

569 mcbry74 the Cleaver (level 7, -4/61 HPs)
             Began as a Hill Orc Fighter on Nov 17, 2021.
             Was an Initiate of Qazlal.
             Slain by Edmund (10 damage)
             ... on level 5 of the Dungeon.
             The game lasted 00:14:19 (4297 turns).

mcbry74 the Cleaver (Hill Orc Fighter)              Turns: 4297, Time: 00:14:20

Health: -4/61      AC:  7    Str: 19    XL:     7   Next: 33%
Magic:  7/7        EV:  9    Int: 10    God:    Qazlal [......]
Gold:   168        SH:  4    Dex: 10    Spells: 6/6 levels left

rFire   . . .      SeeInvis .   a - +0 war axe
rCold   + . .      Faith    .   c - +0 buckler
rNeg    . . .      Spirit   .   b - +0 scale mail
rPois   .          Reflect  .   (no helmet)
rElec   .          Harm     .   (no cloak)
rCorr   +          Rampage  .   (no gloves)
Will    .....                   (no boots)
Stlth   ..........              (no amulet)
HPRegen 0.20/turn               s - ring of resist corrosion
MPRegen 0.10/turn               m - ring of protection from cold

@: no status effects
A: no striking features
a: Renounce Religion


You were on level 5 of the Dungeon.
You worshipped Qazlal.
Qazlal was noncommittal.
You visited 2 branches of the dungeon, and saw 6 of its levels.

You collected 168 gold pieces.

Inventory:

Hand Weapons
 a - a +0 war axe (weapon)
 k - a +5 flail of holy wrath
Armour
 b - a +0 scale mail (worn)
 c - a +0 buckler (worn)
Jewellery
 h - a ring of flight
 m - a ring of protection from cold (right hand)
 s - a ring of resist corrosion (left hand)
 t - a +6 ring of strength
Scrolls
 d - a scroll of blinking {unknown}
 f - 2 scrolls of vulnerability {unknown}
 g - 3 scrolls of teleportation
 i - a scroll of magic mapping {unknown}
 j - a scroll of enchant weapon {unknown}
 l - 2 scrolls of identify {unknown}
 n - 2 scrolls of noise {unknown}
 q - a scroll of fog {unknown}
Potions
 e - 2 potions of curing
 o - 2 potions of brilliance {unknown}
 p - a potion of attraction {unknown}
 r - a potion of resistance {unknown}
 u - a potion of mutation {unknown}


   Skills:
 + Level 5.1 Fighting
 + Level 8.5 Axes
 - Level 0.2(4.3) Maces & Flails
 + Level 4.6 Armour
 - Level 3.2 Shields
 + Level 0.4 Invocations


You had 6 spell levels left.
You didn't know any spells.
Your spell library was empty.

Dungeon Overview and Level Annotations

Branches:
Dungeon (5/15)             Temple (1/1) D:4

Altars:
Ashenzari
Cheibriados
Dithmenos
Elyvilon
Fedhas
Gozag
Hepliaklqana
Kikubaaqudgha
Makhleb
Nemelex Xobeh
Okawaru
Qazlal
Ru
Sif Muna
Trog
Uskayaw
Vehumet
Wu Jian
Yredelemnul
Zin
The Shining One

Annotations:
D:5 Edmund


Message History

Edmund closely misses you.
Your scale mail prevents you from hitting Edmund.
Edmund is lightly wounded.
Edmund hits you with a +1 dire flail of protection.
You hit Edmund.
Edmund is moderately wounded.
Edmund completely misses you.
You hit Edmund but do no damage.
Edmund is moderately wounded.
Edmund barely misses you.
You hit Edmund.
Edmund is moderately wounded.
Edmund grinds his teeth, and then sighs.
Edmund closely misses you.
You slash Edmund!
Edmund is heavily wounded.
Edmund barely misses you.
You closely miss Edmund.
Edmund is heavily wounded.
Edmund hits you with a +1 dire flail of protection! x2
* * * LOW HITPOINT WARNING * * *
Okay, then.
You hit Edmund.
Edmund is severely wounded.
Edmund closely misses you.
You hit Edmund.
Edmund is severely wounded.
Edmund hits you with a +1 dire flail of protection.
* * * LOW HITPOINT WARNING * * *
You hit Edmund but do no damage.
Edmund is severely wounded.
Edmund barely misses you.
You closely miss Edmund.
Edmund is severely wounded.
Edmund hits you with a +1 dire flail of protection!
* * * LOW HITPOINT WARNING * * *
You closely miss Edmund.
Edmund is severely wounded.
Edmund hits you with a +1 dire flail of protection!
You die...

##......##
##........##
#..........#
#..........#
#..........#
#..........#
#..........####
#....@...(...
#....@...#...
#..........#
#..........#
#.........<#
#..........#
#..........#
##........##
##......##


You could see Edmund.

Vanquished Creatures
  Sigmund (D:2)
  A necrophage (D:4)
  A water moccasin skeleton (D:4)
  A centaur skeleton (D:4)
  A bullfrog skeleton (D:3)
  A jelly (D:5)
  Terence (D:2)
  An iguana (D:4)
  A hound skeleton (D:4)
  5 adders
  A worm (D:2)
  3 dart slugs
  2 orcs
  9 ball pythons
  14 endoplasms
  3 giant cockroaches
  4 goblins
  4 hobgoblins
  3 jackals (D:1)
  4 quokkas
  3 bats
  6 frilled lizards
  3 kobolds
  2 rats
75 creatures vanquished.

Vanquished Creatures (others)
  A fungus (D:3)
  2 plants (D:3)
3 creatures vanquished.

Grand Total: 78 creatures vanquished

Notes
Turn   | Place    | Note
-------+----------+-------------------------------------------
     0 | D:1      | mcbry74 the Hill Orc Fighter began the quest for the Orb.
     0 | D:1      | Reached XP level 1. HP: 19/19 MP: 1/1
    29 | D:1      | Reached skill level 3 in Axes
    61 | D:1      | Reached XP level 2. HP: 26/26 MP: 2/2
   140 | D:1      | Reached skill level 4 in Axes
   590 | D:1      | Reached XP level 3. HP: 23/31 MP: 3/3
  1054 | D:2      | Noticed Sigmund
  1064 | D:2      | Killed Sigmund
  1065 | D:2      | Reached skill level 7 in Axes
  1065 | D:2      | Reached XP level 4. HP: 19/39 MP: 4/4
  1065 | D:2      | Reached XP level 5. HP: 22/45 MP: 5/5
  1494 | D:2      | Noticed Terence
  1503 | D:2      | Killed Terence
  1504 | D:2      | Reached XP level 6. HP: 27/52 MP: 6/6
  2963 | D:3      | Reached skill level 8 in Axes
  3173 | D:3      | Found a faded altar of an unknown god.
  3517 | D:4      | Reached XP level 7. HP: 56/60 MP: 7/7
  3601 | D:4      | Reached skill level 5 in Fighting
  3751 | D:4      | Found a staircase to the Ecumenical Temple.
  3763 | Temple   | Entered the Ecumenical Temple
  3985 | Temple   | Became a worshipper of Qazlal Stormbringer
  4275 | D:5      | Entered Level 5 of the Dungeon
  4275 | D:5      | Noticed Edmund
  4297 | D:5      | Slain by Edmund

Illustrated notes

Levels and vault maps discovered:
D:1:      pf_arrival_petrified_forest, layout_basic, minmay_misc_feat_columns
D:2:      layout_basic, eino_tiny_chamber, uniq_sigmund, uniq_terence
D:3:      layout_rooms, shapermc_ecumenical_altar_mp_urbaneastern,
          minmay_misc_feat_rows
D:4:      layout_loops_ring, temple_hall, glass_columns_c, st_stairs_7,
          kennysheep_boxes
D:5:      layout_rooms, uniq_edmund, uniq_blork_the_orc
Temple:   roderic_octagonal_lattice_temple

Skill      XL: |  1  2  3  4  5  6  7 |
---------------+----------------------+-----
Axes           | 3 4 7 8 |  8.5
Fighting       | 4 5 |  5.1
Armour         | 4 |  4.6
Maces & Flails | |  0.2
Shields        | |  3.2
Invocations    | |  0.4

Action                   |  1- 3 |  4- 6 |  7- 9 || total
-------------------------+-------+-------+-------++-------
Melee: War axe           |    70 |   152 |    39 ||   261
       Flail             |       |     3 |       ||     3
  Use: Potion            |     1 |     1 |       ||     2
       Scroll            |       |       |     1 ||     1
Armor: Scale mail        |    22 |    53 |     5 ||    80
Dodge: Dodged            |    28 |    61 |    14 ||   103
Block: Buckler           |    13 |    19 |     6 ||    38

Table legend: (Time is in decaauts)
 A = Elapsed time spent in this place.
 B = Non-inter-level travel time spent in this place.
 C = Inter-level travel time spent in this place.
 D = Time resting spent in this place.
 E = Time spent auto-exploring this place.
 F = Levels seen in this place.
 G = Mean time per level.
                   A        B        C        D        E       F      G
               +--------+--------+--------+--------+--------+-----+--------+
         Total |   4339 |   4217 |    122 |    463 |   3084 |   6 |  723.2 |
       Dungeon |   4098 |   3993 |    105 |    463 |   2887 |   5 |  819.6 |
        Temple |    240 |    223 |     17 |      0 |    197 |   1 |  240.0 |
               +--------+--------+--------+--------+--------+-----+--------+

Top non-repeatable levels by time:
     D:2: 1619 daAuts
     D:1: 925 daAuts
     D:4: 800 daAuts
     D:3: 730 daAuts
  Temple: 240 daAuts
     D:5: 23 daAuts
